Bears vs Condors

Created - May 17, 2022 at 21:05

Goals
1 2 3 T
Bears 2 1 1 4
Condors 1 2 2 5
Shots
1 2 3 T
Bears 17 10 18 45
Condors 12 12 14 38

1st period

1. Bears , Nicolas Aube-Kubel 20 (Jamie McGinn 22) at 7:31
2. Bears , Jake Virtanen 34 (Mike Hoffman 43, Dylan Gambrell 9) at 8:57
3. Condors , Daniel Zaar 21 (Mark Jankowski 28) at 17:27

Penalties :
Brett Lernout (Bak) for Hooking (Minor) at 12:41

2nd period

4. Condors , Christian Thomas 10 (Connor Hurley 7) at 3:33
5. Condors , Anton Slepyshev 26 (Tyler Bozak 42, Kiefer Sherwood 15) at 8:27
6. Bears , Brendan Perlini 25 (Austin Wuthrich 21, Derek Forbort 23) at 13:02

Penalties :
Philippe Myers (Bak) for Interference (Minor) at 10:38

3rd period

7. Condors , Tyler Bozak 44 (Daniel Zaar 28) at 2:25 (PP)
8. Bears , Dylan Gambrell 3 (Mike Hoffman 44, Derek Forbort 24) at 7:57
9. Condors , Adam Erne 31 (Chris Bigras 14) at 9:46

Penalties :
Dylan Gambrell (Her) for Holding (Minor) at 2:10, Phil McRae (Bak) for Interference (Minor) at 10:47

Goalie Stats

Magnus Hellberg (Her), 33 saves from 38 shots - (0.868), L, 3-7-3, 59:13 minutes
Carter Hart (Bak), 41 saves from 45 shots - (0.911), W, 29-18-0, 60:00 minutes

Players Stats for Bears

Player Name              G  A  P  +/- PIM S  H  SB GA TA FO     MP     PP MP  PK MP  
------------------------------------------------------------------------------------
Austin Wuthrich          0  1  1   1  0   5  0  0  0  0  0/0    11:10   0:00   0:00 
Brendan Perlini          1  0  1   1  0   7  0  0  1  0  0/0    11:10   0:00   0:00 
Brett Bulmer             0  0  0  -1  0   3  2  0  1  0  0/0     8:33   0:00   0:00 
Colby Cave               0  0  0   1  0   1  0  0  0  0  4/9    11:10   0:00   0:00 
Derek Forbort            0  2  2   1  0   1  1  0  1  0  0/0    19:46   2:09   0:00 
Dylan Gambrell           1  1  2   1  2   1  1  0  0  0  23/41  21:59   3:30   0:00 
Gianluca Curcuruto       0  0  0   0  0   1  2  0  0  1  0/0    12:24   0:00   0:00 
Jake Virtanen            1  0  1   1  0   9  2  1  0  0  0/1    22:00   3:30   0:00 
Jamie McGinn             0  1  1  -1  0   3  2  0  0  0  1/1    18:02   2:27   0:00 
Joey Laleggia            0  0  0  -1  0   0  1  4  2  0  0/0    27:50   3:48   0:15 
Kerby Rychel             0  0  0  -1  0   1  1  1  0  0  0/1     9:32   0:00   0:00 
Michael Prapavessis      0  0  0   0  0   0  0  0  0  0  0/0     0:00   0:00   0:00 
Mike Hoffman             0  2  2   1  0   1  1  3  1  0  2/3    21:01   3:30   0:00 
Mikko Vainonen           0  0  0   1  0   1  2  0  0  1  0/0    17:22   0:00   0:00 
Nicolas Aube-Kubel       1  0  1  -1  0   6  3  2  0  0  0/1    18:17   2:27   0:15 
Taylor Aronson           0  0  0  -1  0   3  2  3  0  0  0/0    27:50   3:48   0:15 
Tommy Vannelli           0  0  0   0  0   0  0  1  0  0  0/0    14:48   2:09   0:00 
Vincent Dunn             0  0  0  -1  0   1  1  0  0  1  0/3     8:33   0:00   0:00 
Zach Stepan              0  0  0  -1  0   1  1  1  0  0  1/12   18:17   2:27   0:15 

Players Stats for Condors

Player Name              G  A  P  +/- PIM S  H  SB GA TA FO     MP     PP MP  PK MP  
------------------------------------------------------------------------------------
Adam Erne                1  0  1   1  0   4  1  3  0  0  0/0    10:37   0:00   0:00 
Anton Slepyshev          1  0  1   0  0   2  1  0  1  0  0/0    19:04   0:15   3:37 
Brett Lernout            0  0  0   2  2   0  0  1  0  0  0/0    10:11   0:00   0:00 
Carl Gunnarsson          0  0  0  -1  0   3  2  3  0  2  0/0    26:20   0:00   3:29 
Chris Bigras             0  1  1   1  0   1  0  3  0  0  0/0    19:06   0:15   2:28 
Christian Thomas         1  0  1   1  0   7  1  0  0  0  0/0     9:52   0:00   1:06 
Clayton Keller           0  0  0   1  0   0  0  0  0  0  0/0     8:31   0:00   0:00 
Connor Hurley            0  1  1   1  0   1  0  0  1  0  5/7     9:54   0:00   1:08 
Daniel Zaar              1  1  2  -2  0   3  0  2  0  0  1/1    20:07   0:15   0:00 
Gustav Olofsson          0  0  0  -2  0   0  0  0  0  1  0/0     4:43   0:00   0:00 
Kiefer Sherwood          0  1  1   0  0   1  2  1  0  0  0/0    14:03   0:00   0:00 
Mark Jankowski           0  1  1  -2  0   3  1  0  0  1  19/38  19:51   0:00   0:59 
Phil McRae               0  0  0   1  2   0  0  0  1  0  6/11   13:51   0:00   2:30 
Philippe Myers           0  0  0   0  2   0  0  2  0  0  0/0    14:42   0:00   0:00 
Robby Fabbri             0  0  0  -2  0   0  0  0  0  0  2/2    21:31   0:00   2:34 
Scott Mayfield           0  0  0   1  0   2  1  2  0  1  0/0    19:06   0:15   2:28 
Tyler Bozak              1  1  2   0  0   6  0  0  0  0  8/13   15:18   0:15   0:00 
Tyson Jost               0  0  0   1  0   1  0  0  0  0  0/0    10:53   0:00   0:00 
Zac Leslie               0  0  0  -1  0   4  1  1  0  1  0/0    26:20   0:00   3:29 

3 Stars

1 - Adam Erne (Bak)
2 - Tyler Bozak (Bak)
3 - Christian Thomas (Bak)

Power Play

Bears - 0 on 3 Attempt(s) - 0.00%
Condors - 1 on 1 Attempt(s) - 100.00%

Penalty Kill

Bears - 0 on 1 Attempt(s) - 0.00% - Score 0 goal in Penalty Kill
Condors - 3 on 3 Attempt(s) - 100.00% - Score 0 goal in Penalty Kill

Team Stat

Bears - Hits : 22 - Faceoff Wins : 31 - Blocked Shots : 16 - Penalty Minutes : 2
Condors - Hits : 10 - Faceoff Wins : 41 - Blocked Shots : 18 - Penalty Minutes : 6

Official

Referees : Dean Morton and Reid Anderson
Linesman : Ryan Gibbons and Brian Mach

Game Notes

No Game Note

Finance

Level 1 -- Attendance: 1706 (85.30%) -- Ticket Income $59,710
Level 2 -- Attendance: 919 (91.90%) -- Ticket Income $13,785
Total Attendance: 2625 (87.50%)
Total Ticket Income: $73,495
Other Income: $3,675
Total Income: $77,170

Bears

5 vs 5 Forward 
   Center                   Left Wing                Right Wing               Time % Phy DF OF 
 1 Dylan Gambrell           Mike Hoffman             Jake Virtanen            35     0   1  4  
 2 Zach Stepan              Jamie McGinn             Nicolas Aube-Kubel       30     0   2  3  
 3 Colby Cave               Brendan Perlini          Austin Wuthrich          20     0   2  3  
 4 Vincent Dunn             Kerby Rychel             Brett Bulmer             15     0   2  3  

5 vs 5 Defense 
   Defense                  Defense                                           Time % Phy DF OF 
 1 Joey Laleggia            Taylor Aronson                                    40     0   2  3  
 2 Derek Forbort            Mikko Vainonen                                    30     0   2  3  
 3 Tommy Vannelli           Gianluca Curcuruto                                20     0   3  2  
 4 Joey Laleggia            Taylor Aronson                                    10     0   2  3  

PowerPlay Forward 
   Center                   Left Wing                Right Wing               Time % Phy DF OF 
 1 Dylan Gambrell           Mike Hoffman             Jake Virtanen            60     0   1  4  
 2 Zach Stepan              Jamie McGinn             Nicolas Aube-Kubel       40     0   1  4  

PowerPlay Defense
   Defense                  Defense                                           Time % Phy DF OF 
 1 Joey Laleggia            Taylor Aronson                                    60     0   2  3  
 2 Derek Forbort            Tommy Vannelli                                    40     0   2  3  

Penalty Kill 4 Players Forward 
   Center                   Wing                     Time % Phy DF OF 
 1 Zach Stepan              Nicolas Aube-Kubel       60     0   4  1  
 2 Vincent Dunn             Jamie McGinn             40     0   4  1  

Penalty Kill 4 Players Defense
   Defense                  Defense                  Time % Phy DF OF 
 1 Joey Laleggia            Taylor Aronson           60     0   4  1  
 2 Gianluca Curcuruto       Tommy Vannelli           40     0   4  1  

Penalty Kill - 3 Players Forward 
   Forward                                           Time % Phy DF OF 
 1 Zach Stepan                                       60     0   5  0  
 2 Vincent Dunn                                      40     0   5  0  

Penalty Kill - 3 Players Defense
   Defense                  Defense                  Time % Phy DF OF 
 1 Joey Laleggia            Taylor Aronson           60     0   5  0  
 2 Gianluca Curcuruto       Michael Prapavessis      40     0   5  0  

4 vs 4 Forward 
   Center                   Wing                     Time % Phy DF OF 
 1 Dylan Gambrell           Jake Virtanen            55     0   2  3  
 2 Zach Stepan              Mike Hoffman             45     0   2  3  

4 vs 4 Defense
   Defense                  Defense                  Time % Phy DF OF 
 1 Joey Laleggia            Taylor Aronson           60     0   2  3  
 2 Gianluca Curcuruto       Tommy Vannelli           40     0   2  3  

Last Minutes Offensive
   Center                   Left Wing                Right Wing               Defense                  Defense                  
   Dylan Gambrell           Kerby Rychel             Jake Virtanen            Joey Laleggia            Taylor Aronson           

Last Minutes Defensive
   Center                   Left Wing                Right Wing               Defense                  Defense                  
   Zach Stepan              Kerby Rychel             Nicolas Aube-Kubel       Joey Laleggia            Taylor Aronson           

Goaltenders
Starting : Magnus Hellberg          
Backup : Jake Allen               

Extra Forwards
Normal : Mike Hoffman, Jake Virtanen, Nicolas Aube-Kubel - PP : Mike Hoffman, Jake Virtanen - PK : Jamie McGinn
Extra Defensemen
Normal : Joey Laleggia, Taylor Aronson, Gianluca Curcuruto - PP : Taylor Aronson - PK : Joey Laleggia, Taylor Aronson
Penalty Shots
Brendan Perlini, Mike Hoffman, Jake Virtanen, Nicolas Aube-Kubel, Dylan Gambrell

Scratches
Angelo Esposito (Left Hand Injury), Caleb Jones (Healthy), Emil Johansson (Healthy), Jakob Lilja (Healthy), Jesper Pettersson (Healthy)
Mackenze Stewart (Healthy), Nikolay Prokhorkin (Healthy), Ryan Graves (Healthy), Warren Foegele (Healthy), Logan O'Connor (Healthy)
Nicholas Caamano (Healthy), Jakob Stenqvist (Healthy), Arvid Henrikson (Healthy)

Condors

5 vs 5 Forward 
   Center                   Left Wing                Right Wing               Time % Phy DF OF 
 1 Mark Jankowski           Robby Fabbri             Daniel Zaar              40     1   2  2  
 2 Tyler Bozak              Anton Slepyshev          Kiefer Sherwood          30     1   2  2  
 3 Phil McRae               Tyson Jost               Adam Erne                20     1   2  2  
 4 Connor Hurley            Christian Thomas         Clayton Keller           10     1   2  2  

5 vs 5 Defense 
   Defense                  Defense                                           Time % Phy DF OF 
 1 Carl Gunnarsson          Zac Leslie                                        40     1   2  2  
 2 Chris Bigras             Scott Mayfield                                    30     1   2  2  
 3 Brett Lernout            Philippe Myers                                    20     1   2  2  
 4 Gustav Olofsson          Philippe Myers                                    10     1   2  2  

PowerPlay Forward 
   Center                   Left Wing                Right Wing               Time % Phy DF OF 
 1 Tyler Bozak              Anton Slepyshev          Daniel Zaar              60     1   2  2  
 2 Mark Jankowski           Robby Fabbri             Adam Erne                40     1   2  2  

PowerPlay Defense
   Defense                  Defense                                           Time % Phy DF OF 
 1 Carl Gunnarsson          Zac Leslie                                        60     1   2  2  
 2 Chris Bigras             Scott Mayfield                                    40     1   2  2  

Penalty Kill 4 Players Forward 
   Center                   Wing                     Time % Phy DF OF 
 1 Phil McRae               Anton Slepyshev          60     1   2  2  
 2 Mark Jankowski           Robby Fabbri             40     1   2  2  

Penalty Kill 4 Players Defense
   Defense                  Defense                  Time % Phy DF OF 
 1 Carl Gunnarsson          Zac Leslie               60     1   2  2  
 2 Chris Bigras             Scott Mayfield           40     1   2  2  

Penalty Kill - 3 Players Forward 
   Forward                                           Time % Phy DF OF 
 1 Tyler Bozak                                       60     1   2  2  
 2 Mark Jankowski                                    40     1   2  2  

Penalty Kill - 3 Players Defense
   Defense                  Defense                  Time % Phy DF OF 
 1 Carl Gunnarsson          Zac Leslie               60     1   2  2  
 2 Chris Bigras             Scott Mayfield           40     1   2  2  

4 vs 4 Forward 
   Center                   Wing                     Time % Phy DF OF 
 1 Tyler Bozak              Anton Slepyshev          60     1   2  2  
 2 Mark Jankowski           Robby Fabbri             40     1   2  2  

4 vs 4 Defense
   Defense                  Defense                  Time % Phy DF OF 
 1 Carl Gunnarsson          Zac Leslie               60     1   2  2  
 2 Chris Bigras             Scott Mayfield           40     1   2  2  

Last Minutes Offensive
   Center                   Left Wing                Right Wing               Defense                  Defense                  
   Tyler Bozak              Anton Slepyshev          Daniel Zaar              Carl Gunnarsson          Zac Leslie               

Last Minutes Defensive
   Center                   Left Wing                Right Wing               Defense                  Defense                  
   Tyler Bozak              Anton Slepyshev          Daniel Zaar              Carl Gunnarsson          Zac Leslie               

Goaltenders
Starting : Carter Hart              
Backup : Mark Visentin            

Extra Forwards
Normal : Robby Fabbri, Clayton Keller, Tyson Jost - PP : Robby Fabbri, Phil McRae - PK : Robby Fabbri
Extra Defensemen
Normal : Chris Bigras, Gustav Olofsson, Philippe Myers - PP : Philippe Myers - PK : Philippe Myers, Gustav Olofsson
Penalty Shots
Tyler Bozak, Anton Slepyshev, Mark Jankowski, Daniel Zaar, Robby Fabbri

Scratches
Alexandre Carrier (Healthy), Anders Bjork (Healthy), Cole Cassels (Healthy), Colin White (Healthy), Emil Djuse (Healthy)
Jeremy Gregoire (Healthy), Jordan Subban (Healthy), Louis Leblanc (Torn Left MCL Injury), Remi Elie (Healthy), Jesse Puljujarvi (Separated Right Shoulder Injury)
Nikolai Knyzhov (Healthy), Lucas Johansen (Healthy), Jack Campbell (Healthy)

% Time on Ice - Bears

Lines # - Real PCT - Wanted PCT - Time Play
Normal Forward
1 - 33% - 35% - 17:31
2 - 30% - 30% - 15:35
3 - 21% - 20% - 11:10
4 - 16% - 15% - 8:33
Normal Defense
1 - 38% - 40% - 20:11
2 - 33% - 30% - 17:37
3 - 23% - 20% - 12:03
4 - 6% - 10% - 2:58
PP Forward
1 - 59% - 60% - 3:30
2 - 41% - 40% - 2:27
PP Defense
1 - 64% - 60% - 3:48
2 - 36% - 40% - 2:09
PK Forward
1 - 100% - 60% - 0:15
2 - 0% - 40% - 0:00
PK Defense
1 - 100% - 60% - 0:15
2 - 0% - 40% - 0:00
PK3 Forward
1 - 0% - 60%
2 - 0% - 40%
PK3 Defense
1 - 0% - 60%
2 - 0% - 40%
44 Forward
1 - 0% - 55%
2 - 0% - 45%
44 Defense
1 - 0% - 60%
2 - 0% - 40%
Last Minute Offensive  - 0:59
Last Minute Defensive  - 0:00
Total
Forward - 60:00
Defense - 60:00

% Time on Ice - Condors

Lines # - Real PCT - Wanted PCT - Time Play
Normal Forward
1 - 37% - 40% - 19:37
2 - 27% - 30% - 14:03
3 - 20% - 20% - 10:37
4 - 16% - 10% - 8:31
Normal Defense
1 - 41% - 40% - 21:51
2 - 31% - 30% - 16:23
3 - 19% - 20% - 9:51
4 - 9% - 10% - 4:43
PP Forward
1 - 100% - 60% - 0:15
2 - 0% - 40% - 0:00
PP Defense
1 - 0% - 60% - 0:00
2 - 100% - 40% - 0:15
PK Forward
1 - 83% - 60% - 4:58
2 - 17% - 40% - 0:59
PK Defense
1 - 59% - 60% - 3:29
2 - 41% - 40% - 2:28
PK3 Forward
1 - 0% - 60%
2 - 0% - 40%
PK3 Defense
1 - 0% - 60%
2 - 0% - 40%
44 Forward
1 - 0% - 60%
2 - 0% - 40%
44 Defense
1 - 0% - 60%
2 - 0% - 40%
Last Minute Offensive  - 0:00
Last Minute Defensive  - 1:00
Total
Forward - 60:00
Defense - 60:00

Play-by-Play

1st period


0:01 of 1st period - Mike Hoffman wins face-off versus Mark Jankowski in neutral zone.
0:28 of 1st period - Snap shot by Phil McRae.
0:28 of 1st period - Shot Misses the Net.
0:30 of 1st period - Slapshot by Zac Leslie.
0:30 of 1st period - Stopped by Magnus Hellberg with a rebound.
0:32 of 1st period - Snap shot by Zac Leslie.
0:32 of 1st period - Stopped by Magnus Hellberg with a rebound.
0:34 of 1st period - Slapshot by Carl Gunnarsson.
0:34 of 1st period - Shot Blocked by Joey Laleggia.
0:36 of 1st period - Backhand shot by Zac Leslie.
0:36 of 1st period - Stopped by Magnus Hellberg with a rebound.
0:38 of 1st period - Wrist shot by Tyson Jost.
0:38 of 1st period - Stopped by Magnus Hellberg with a rebound.
0:40 of 1st period - Wrist shot by Tyson Jost.
0:40 of 1st period - Shot Blocked by Taylor Aronson.
0:58 of 1st period - Wrist shot by Austin Wuthrich.
0:58 of 1st period - Deflect By Brendan Perlini.
0:58 of 1st period - Stopped by Carter Hart without a rebound.
0:59 of 1st period - Connor Hurley wins face-off versus Kerby Rychel in Condors zone.
1:12 of 1st period - Snap shot by Christian Thomas.
1:12 of 1st period - Stopped by Magnus Hellberg without a rebound.
1:13 of 1st period - Mark Jankowski wins face-off versus Colby Cave in Bears zone.
1:55 of 1st period - Snap shot by Austin Wuthrich.
1:55 of 1st period - Shot Blocked by Philippe Myers.
1:59 of 1st period - Snap shot by Brendan Perlini.
1:59 of 1st period - Stopped by Carter Hart without a rebound.
2:00 of 1st period - Tyler Bozak wins face-off versus Dylan Gambrell in Condors zone.
3:46 of 1st period - Wrist shot by Christian Thomas.
3:46 of 1st period - Stopped by Magnus Hellberg without a rebound.
3:47 of 1st period - Dylan Gambrell wins face-off versus Mark Jankowski in Bears zone.
4:13 of 1st period - Anton Slepyshev is hit by Nicolas Aube-Kubel and loses puck.
5:24 of 1st period - Wrist shot by Colby Cave.
5:24 of 1st period - Stopped by Carter Hart without a rebound.
5:25 of 1st period - Colby Cave wins face-off versus Phil McRae in Condors zone.
6:17 of 1st period - Slapshot by Jamie McGinn.
6:17 of 1st period - Stopped by Carter Hart with a rebound.
6:27 of 1st period - Wrist shot by Christian Thomas.
6:27 of 1st period - Shot Misses the Net.
7:31 of 1st period - Wrist shot by Nicolas Aube-Kubel.
7:31 of 1st period - Goal by Nicolas Aube-Kubel - Bears : 1 - Condors : 0.
7:32 of 1st period - Mark Jankowski wins face-off versus Dylan Gambrell in neutral zone.
7:35 of 1st period - Mike Hoffman is hit by Scott Mayfield and loses puck.
7:58 of 1st period - Nicolas Aube-Kubel is hit by Kiefer Sherwood and loses puck.
8:04 of 1st period - Off-side.
8:05 of 1st period - Tyler Bozak wins face-off versus Zach Stepan in neutral zone.
8:10 of 1st period - Wrist shot by Tyler Bozak.
8:10 of 1st period - Stopped by Magnus Hellberg with a rebound.
8:12 of 1st period - Wrist shot by Anton Slepyshev.
8:12 of 1st period - Deflect By Kiefer Sherwood.
8:12 of 1st period - Shot Misses the Net.
8:12 of 1st period - Puck is out of play.
8:13 of 1st period - Tyler Bozak wins face-off versus Zach Stepan in Bears zone.
8:18 of 1st period - Snap shot by Anton Slepyshev.
8:18 of 1st period - Shot Blocked by Joey Laleggia.
8:28 of 1st period - Tyler Bozak is hit by Taylor Aronson and loses puck.
8:47 of 1st period - Wrist shot by Jamie McGinn.
8:47 of 1st period - Deflect By Nicolas Aube-Kubel.
8:47 of 1st period - Stopped by Carter Hart without a rebound.
8:48 of 1st period - Dylan Gambrell wins face-off versus Mark Jankowski in Condors zone.
8:53 of 1st period - Wrist shot by Dylan Gambrell.
8:53 of 1st period - Shot Misses the Net.
8:55 of 1st period - Wrist shot by Mike Hoffman.
8:55 of 1st period - Stopped by Carter Hart with a rebound.
8:57 of 1st period - Slapshot by Jake Virtanen.
8:57 of 1st period - Goal by Jake Virtanen - Bears : 2 - Condors : 0.
8:58 of 1st period - Dylan Gambrell wins face-off versus Mark Jankowski in neutral zone.
9:48 of 1st period - Slapshot by Joey Laleggia.
9:48 of 1st period - Shot Blocked by Adam Erne.
10:13 of 1st period - Wrist shot by Kerby Rychel.
10:13 of 1st period - Shot Misses the Net.
10:25 of 1st period - Slapshot by Christian Thomas.
10:25 of 1st period - Shot Blocked by Mike Hoffman.
10:27 of 1st period - Slapshot by Scott Mayfield.
10:27 of 1st period - Shot Blocked by Mike Hoffman.
10:29 of 1st period - Slapshot by Scott Mayfield.
10:29 of 1st period - Deflect By Mikko Vainonen.
10:29 of 1st period - Stopped by Magnus Hellberg without a rebound.
10:30 of 1st period - Dylan Gambrell wins face-off versus Tyler Bozak in Bears zone.
10:30 of 1st period - Dylan Gambrell is hit by Kiefer Sherwood.
10:56 of 1st period - Mark Jankowski is hit by Nicolas Aube-Kubel and loses puck.
11:29 of 1st period - Snap shot by Brendan Perlini.
11:29 of 1st period - Stopped by Carter Hart without a rebound.
11:30 of 1st period - Mark Jankowski wins face-off versus Dylan Gambrell in Condors zone.
11:35 of 1st period - Mike Hoffman is hit by Zac Leslie.
12:16 of 1st period - Wrist shot by Jamie McGinn.
12:16 of 1st period - Stopped by Carter Hart with a rebound.
12:18 of 1st period - Slapshot by Kerby Rychel.
12:18 of 1st period - Shot Blocked by Scott Mayfield.
12:20 of 1st period - Snap shot by Joey Laleggia.
12:20 of 1st period - Shot Blocked by Chris Bigras.
12:22 of 1st period - Slapshot by Kerby Rychel.
12:22 of 1st period - Shot Misses the Net.
12:24 of 1st period - Slapshot by Taylor Aronson.
12:24 of 1st period - Stopped by Carter Hart with a rebound.
12:26 of 1st period - Slapshot by Taylor Aronson.
12:26 of 1st period - Stopped by Carter Hart without a rebound.
12:27 of 1st period - Dylan Gambrell wins face-off versus Mark Jankowski in Condors zone.
12:30 of 1st period - Slapshot by Jake Virtanen.
12:30 of 1st period - Stopped by Carter Hart without a rebound.
12:31 of 1st period - Dylan Gambrell wins face-off versus Mark Jankowski in Condors zone.
12:34 of 1st period - Wrist shot by Jake Virtanen.
12:34 of 1st period - Shot Misses the Net.
12:36 of 1st period - Slapshot by Mikko Vainonen.
12:36 of 1st period - Shot Blocked by Carl Gunnarsson.
12:38 of 1st period - Wrist shot by Mikko Vainonen.
12:38 of 1st period - Stopped by Carter Hart without a rebound.
12:39 of 1st period - Mark Jankowski wins face-off versus Dylan Gambrell in Condors zone.
12:41 of 1st period - Minor Penalty to Brett Lernout for Hooking.
12:42 of 1st period - Phil McRae wins face-off versus Jake Virtanen in Condors zone.
12:42 of 1st period - Phil McRae is hit by Jake Virtanen.
12:50 of 1st period - Off-side.
12:51 of 1st period - Dylan Gambrell wins face-off versus Phil McRae in neutral zone.
12:56 of 1st period - Snap shot by Jake Virtanen.
12:56 of 1st period - Shot Blocked by Carl Gunnarsson.
12:58 of 1st period - Snap shot by Dylan Gambrell.
12:58 of 1st period - Deflect By Jake Virtanen.
12:58 of 1st period - Stopped by Carter Hart with a rebound.
13:00 of 1st period - Wrist shot by Jake Virtanen.
13:00 of 1st period - Shot Misses the Net.
13:04 of 1st period - Slapshot by Mike Hoffman.
13:04 of 1st period - Deflect By Jake Virtanen.
13:04 of 1st period - Shot Blocked by Zac Leslie.
13:04 of 1st period - Puck is out of play.
13:05 of 1st period - Dylan Gambrell wins face-off versus Phil McRae in Condors zone.
14:33 of 1st period - Robby Fabbri is hit by Joey Laleggia and loses puck.
14:41 of 1st period - Penalty to Brett Lernout is over, Brett Lernout is back on ice.
15:31 of 1st period - Slapshot by Tyler Bozak.
15:31 of 1st period - Stopped by Magnus Hellberg with a rebound.
15:58 of 1st period - Austin Wuthrich is hit by Carl Gunnarsson and loses puck.
16:41 of 1st period - Icing by Mikko Vainonen.
16:42 of 1st period - Connor Hurley wins face-off versus Zach Stepan in Bears zone.
16:45 of 1st period - Wrist shot by Christian Thomas.
16:45 of 1st period - Stopped by Magnus Hellberg with a rebound.
17:07 of 1st period - Wrist shot by Jake Virtanen.
17:07 of 1st period - Stopped by Carter Hart without a rebound.
17:08 of 1st period - Dylan Gambrell wins face-off versus Mark Jankowski in Condors zone.
17:27 of 1st period - Snap shot by Daniel Zaar.
17:27 of 1st period - Goal by Daniel Zaar - Bears : 2 - Condors : 1.
17:28 of 1st period - Mark Jankowski wins face-off versus Dylan Gambrell in neutral zone.
17:33 of 1st period - Slapshot by Daniel Zaar.
17:33 of 1st period - Shot Blocked by Mike Hoffman.
18:04 of 1st period - Tyler Bozak is hit by Nicolas Aube-Kubel and loses puck.
18:23 of 1st period - Snap shot by Brendan Perlini.
18:23 of 1st period - Shot Misses the Net.
18:39 of 1st period - Snap shot by Kerby Rychel.
18:39 of 1st period - Shot Blocked by Philippe Myers.
18:41 of 1st period - Snap shot by Kerby Rychel.
18:41 of 1st period - Stopped by Carter Hart with a rebound.
19:33 of 1st period - Philippe Myers is hit by Gianluca Curcuruto and loses puck.
19:46 of 1st period - Carl Gunnarsson is hit by Gianluca Curcuruto.
19:56 of 1st period - Snap shot by Tyler Bozak.
19:56 of 1st period - Stopped by Magnus Hellberg without a rebound.
19:57 of 1st period - Phil McRae wins face-off versus Dylan Gambrell in Bears zone.
Goals for this period are 2 for Bears vs 1 for Condors.
Shots for this period are 17 for Bears vs 12 for Condors.

2nd period


0:01 of 2nd period - Mark Jankowski wins face-off versus Dylan Gambrell in neutral zone.
0:14 of 2nd period - Snap shot by Mark Jankowski.
0:14 of 2nd period - Shot Misses the Net.
0:35 of 2nd period - Slapshot by Taylor Aronson.
0:35 of 2nd period - Stopped by Carter Hart without a rebound.
0:36 of 2nd period - Phil McRae wins face-off versus Nicolas Aube-Kubel in Condors zone.
0:36 of 2nd period - Phil McRae is hit by Mikko Vainonen.
1:08 of 2nd period - Slapshot by Mikko Vainonen.
1:08 of 2nd period - Deflect By Jake Virtanen.
1:08 of 2nd period - Shot Blocked by Daniel Zaar.
1:08 of 2nd period - Puck is out of play.
1:09 of 2nd period - Mark Jankowski wins face-off versus Mike Hoffman in Condors zone.
3:06 of 2nd period - Snap shot by Zach Stepan.
3:06 of 2nd period - Shot Misses the Net.
3:29 of 2nd period - Slapshot by Carl Gunnarsson.
3:29 of 2nd period - Stopped by Magnus Hellberg without a rebound.
3:30 of 2nd period - Connor Hurley wins face-off versus Vincent Dunn in Bears zone.
3:31 of 2nd period - Wrist shot by Christian Thomas.
3:31 of 2nd period - Shot Hit the Post.
3:33 of 2nd period - Backhand shot by Christian Thomas.
3:33 of 2nd period - Goal by Christian Thomas - Bears : 2 - Condors : 2.
3:34 of 2nd period - Mark Jankowski wins face-off versus Dylan Gambrell in neutral zone.
3:59 of 2nd period - Tyler Bozak is hit by Jamie McGinn and loses puck.
4:22 of 2nd period - Slapshot by Christian Thomas.
4:22 of 2nd period - Stopped by Magnus Hellberg without a rebound.
4:23 of 2nd period - Colby Cave wins face-off versus Connor Hurley in Bears zone.
4:34 of 2nd period - Snap shot by Austin Wuthrich.
4:34 of 2nd period - Shot Misses the Net.
4:50 of 2nd period - Daniel Zaar is hit by Mikko Vainonen and loses puck.
4:58 of 2nd period - Mikko Vainonen is hit by Mark Jankowski and loses puck.
5:28 of 2nd period - Wrist shot by Kerby Rychel.
5:28 of 2nd period - Shot Misses the Net.
5:30 of 2nd period - Wrist shot by Brett Bulmer.
5:30 of 2nd period - Stopped by Carter Hart with a rebound.
5:32 of 2nd period - Snap shot by Vincent Dunn.
5:32 of 2nd period - Deflect By Phil McRae.
5:32 of 2nd period - Stopped by Carter Hart without a rebound.
5:33 of 2nd period - Mike Hoffman wins face-off versus Mark Jankowski in Condors zone.
6:24 of 2nd period - Joey Laleggia is hit by Adam Erne and loses puck.
7:26 of 2nd period - Wrist shot by Zach Stepan.
7:26 of 2nd period - Stopped by Carter Hart with a rebound.
7:38 of 2nd period - Colby Cave is hit by Christian Thomas and loses puck.
8:17 of 2nd period - Off-side.
8:18 of 2nd period - Tyler Bozak wins face-off versus Dylan Gambrell in neutral zone.
8:27 of 2nd period - Snap shot by Anton Slepyshev.
8:27 of 2nd period - Goal by Anton Slepyshev - Bears : 2 - Condors : 3.
8:28 of 2nd period - Dylan Gambrell wins face-off versus Mark Jankowski in neutral zone.
8:31 of 2nd period - Slapshot by Dylan Gambrell.
8:31 of 2nd period - Shot Blocked by Carl Gunnarsson.
8:33 of 2nd period - Wrist shot by Jake Virtanen.
8:33 of 2nd period - Stopped by Carter Hart without a rebound.
8:34 of 2nd period - Dylan Gambrell wins face-off versus Mark Jankowski in Condors zone.
9:30 of 2nd period - Slapshot by Austin Wuthrich.
9:30 of 2nd period - Stopped by Carter Hart with a rebound.
9:32 of 2nd period - Slapshot by Austin Wuthrich.
9:32 of 2nd period - Stopped by Carter Hart without a rebound.
9:33 of 2nd period - Dylan Gambrell wins face-off versus Mark Jankowski in Condors zone.
9:34 of 2nd period - Snap shot by Mike Hoffman.
9:34 of 2nd period - Shot Blocked by Chris Bigras.
9:36 of 2nd period - Backhand shot by Derek Forbort.
9:36 of 2nd period - Shot Blocked by Chris Bigras.
10:03 of 2nd period - Wrist shot by Anton Slepyshev.
10:03 of 2nd period - Stopped by Magnus Hellberg without a rebound.
10:04 of 2nd period - Tyler Bozak wins face-off versus Zach Stepan in Bears zone.
10:38 of 2nd period - Minor Penalty to Philippe Myers for Interference.
10:39 of 2nd period - Phil McRae wins face-off versus Dylan Gambrell in Condors zone.
10:49 of 2nd period - Slapshot by Joey Laleggia.
10:49 of 2nd period - Shot Misses the Net.
11:36 of 2nd period - Icing by Zach Stepan.
11:37 of 2nd period - Mark Jankowski wins face-off versus Zach Stepan in Bears zone.
11:40 of 2nd period - Snap shot by Robby Fabbri.
11:40 of 2nd period - Shot Misses the Net.
12:38 of 2nd period - Penalty to Philippe Myers is over, Philippe Myers is back on ice.
12:44 of 2nd period - Snap shot by Anton Slepyshev.
12:44 of 2nd period - Shot Blocked by Taylor Aronson.
12:46 of 2nd period - Slapshot by Phil McRae.
12:46 of 2nd period - Deflect By Anton Slepyshev.
12:46 of 2nd period - Shot Misses the Net.
12:46 of 2nd period - Puck is out of play.
12:47 of 2nd period - Mark Jankowski wins face-off versus Colby Cave in Bears zone.
13:02 of 2nd period - Snap shot by Austin Wuthrich.
13:02 of 2nd period - Deflect By Brendan Perlini.
13:02 of 2nd period - Goal by Brendan Perlini - Bears : 3 - Condors : 3.
13:03 of 2nd period - Mark Jankowski wins face-off versus Dylan Gambrell in neutral zone.
13:15 of 2nd period - Wrist shot by Mark Jankowski.
13:15 of 2nd period - Stopped by Magnus Hellberg with a rebound.
13:23 of 2nd period - Zac Leslie is hit by Jake Virtanen and loses puck.
13:38 of 2nd period - Slapshot by Carl Gunnarsson.
13:38 of 2nd period - Shot Blocked by Nicolas Aube-Kubel.
14:29 of 2nd period - Zac Leslie is hit by Brett Bulmer and loses puck.
14:51 of 2nd period - Icing by Carl Gunnarsson.
14:52 of 2nd period - Mark Jankowski wins face-off versus Zach Stepan in Condors zone.
14:52 of 2nd period - Mark Jankowski is hit by Jamie McGinn.
15:00 of 2nd period - Icing by Zach Stepan.
15:01 of 2nd period - Mark Jankowski wins face-off versus Zach Stepan in Bears zone.
15:21 of 2nd period - Snap shot by Jamie McGinn.
15:21 of 2nd period - Stopped by Carter Hart with a rebound.
15:25 of 2nd period - Slapshot by Jamie McGinn.
15:25 of 2nd period - Shot Misses the Net.
15:57 of 2nd period - Mark Jankowski is hit by Zach Stepan.
16:03 of 2nd period - Wrist shot by Mark Jankowski.
16:03 of 2nd period - Stopped by Magnus Hellberg with a rebound.
16:19 of 2nd period - Wrist shot by Mark Jankowski.
16:19 of 2nd period - Stopped by Magnus Hellberg without a rebound.
16:20 of 2nd period - Dylan Gambrell wins face-off versus Tyler Bozak in Bears zone.
16:31 of 2nd period - Slapshot by Anton Slepyshev.
16:31 of 2nd period - Shot Blocked by Joey Laleggia.
16:47 of 2nd period - Tyson Jost is hit by Taylor Aronson and loses puck.
17:16 of 2nd period - Snap shot by Brett Bulmer.
17:16 of 2nd period - Stopped by Carter Hart with a rebound.
17:30 of 2nd period - Slapshot by Carl Gunnarsson.
17:30 of 2nd period - Stopped by Magnus Hellberg with a rebound.
17:32 of 2nd period - Wrist shot by Carl Gunnarsson.
17:32 of 2nd period - Stopped by Magnus Hellberg with a rebound.
17:34 of 2nd period - Snap shot by Tyler Bozak.
17:34 of 2nd period - Stopped by Magnus Hellberg without a rebound.
17:35 of 2nd period - Phil McRae wins face-off versus Colby Cave in Bears zone.
18:00 of 2nd period - Anton Slepyshev is hit by Brett Bulmer.
19:35 of 2nd period - Slapshot by Anton Slepyshev.
19:35 of 2nd period - Shot Blocked by Kerby Rychel.
19:37 of 2nd period - Slapshot by Chris Bigras.
19:37 of 2nd period - Deflect By Tommy Vannelli.
19:37 of 2nd period - Stopped by Magnus Hellberg with a rebound.
19:47 of 2nd period - Slapshot by Robby Fabbri.
19:47 of 2nd period - Deflect By Mark Jankowski.
19:47 of 2nd period - Shot Misses the Net.
19:47 of 2nd period - Puck is out of play.
19:48 of 2nd period - Dylan Gambrell wins face-off versus Mark Jankowski in Bears zone.
Goals for this period are 1 for Bears vs 2 for Condors.
Shots for this period are 10 for Bears vs 12 for Condors.

3rd period


0:01 of 3rd period - Dylan Gambrell wins face-off versus Mark Jankowski in neutral zone.
0:12 of 3rd period - Carl Gunnarsson is hit by Dylan Gambrell and loses puck.
0:31 of 3rd period - Snap shot by Brendan Perlini.
0:31 of 3rd period - Stopped by Carter Hart with a rebound.
0:33 of 3rd period - Slapshot by Gianluca Curcuruto.
0:33 of 3rd period - Shot Misses the Net.
0:35 of 3rd period - Snap shot by Brendan Perlini.
0:35 of 3rd period - Deflect By Austin Wuthrich.
0:35 of 3rd period - Stopped by Carter Hart with a rebound.
0:37 of 3rd period - Snap shot by Austin Wuthrich.
0:37 of 3rd period - Stopped by Carter Hart with a rebound.
0:39 of 3rd period - Snap shot by Austin Wuthrich.
0:39 of 3rd period - Shot Misses the Net.
1:49 of 3rd period - Clayton Keller is hit by Derek Forbort.
1:53 of 3rd period - Slapshot by Brendan Perlini.
1:53 of 3rd period - Shot Misses the Net.
1:55 of 3rd period - Wrist shot by Derek Forbort.
1:55 of 3rd period - Deflect By Austin Wuthrich.
1:55 of 3rd period - Shot Blocked by Brett Lernout.
1:55 of 3rd period - Puck is out of play.
1:56 of 3rd period - Colby Cave wins face-off versus Phil McRae in Condors zone.
2:05 of 3rd period - Wrist shot by Adam Erne.
2:05 of 3rd period - Stopped by Magnus Hellberg with a rebound.
2:07 of 3rd period - Slapshot by Philippe Myers.
2:07 of 3rd period - Deflect By Phil McRae.
2:07 of 3rd period - Shot Misses the Net.
2:07 of 3rd period - Puck is out of play.
2:08 of 3rd period - Dylan Gambrell wins face-off versus Mark Jankowski in Bears zone.
2:10 of 3rd period - Minor Penalty to Dylan Gambrell for Holding.
2:11 of 3rd period - Tyler Bozak wins face-off versus Zach Stepan in Bears zone.
2:25 of 3rd period - Wrist shot by Tyler Bozak.
2:25 of 3rd period - Goal by Tyler Bozak - Bears : 3 - Condors : 4.
2:26 of 3rd period - Mark Jankowski wins face-off versus Dylan Gambrell in neutral zone.
2:31 of 3rd period - Backhand shot by Robby Fabbri.
2:31 of 3rd period - Deflect By Daniel Zaar.
2:31 of 3rd period - Shot Hit the Post.
2:31 of 3rd period - Puck is out of play.
2:32 of 3rd period - Dylan Gambrell wins face-off versus Mark Jankowski in Bears zone.
2:59 of 3rd period - Taylor Aronson is hit by Anton Slepyshev and loses puck.
3:21 of 3rd period - Wrist shot by Clayton Keller.
3:21 of 3rd period - Deflect By Jamie McGinn.
3:21 of 3rd period - Shot Blocked by Joey Laleggia.
3:21 of 3rd period - Puck is out of play.
3:22 of 3rd period - Dylan Gambrell wins face-off versus Connor Hurley in Bears zone.
4:35 of 3rd period - Wrist shot by Brett Bulmer.
4:35 of 3rd period - Stopped by Carter Hart with a rebound.
5:01 of 3rd period - Slapshot by Christian Thomas.
5:01 of 3rd period - Stopped by Magnus Hellberg with a rebound.
5:18 of 3rd period - Off-side.
5:19 of 3rd period - Zach Stepan wins face-off versus Mark Jankowski in neutral zone.
6:32 of 3rd period - Slapshot by Clayton Keller.
6:32 of 3rd period - Shot Misses the Net.
6:34 of 3rd period - Slapshot by Scott Mayfield.
6:34 of 3rd period - Deflect By Christian Thomas.
6:34 of 3rd period - Deflect By Mike Hoffman.
6:34 of 3rd period - Stopped by Magnus Hellberg with a rebound.
6:36 of 3rd period - Wrist shot by Connor Hurley.
6:36 of 3rd period - Shot Blocked by Taylor Aronson.
6:50 of 3rd period - Icing by Carl Gunnarsson.
6:51 of 3rd period - Jamie McGinn wins face-off versus Mark Jankowski in Condors zone.
6:52 of 3rd period - Snap shot by Nicolas Aube-Kubel.
6:52 of 3rd period - Deflect By Daniel Zaar.
6:52 of 3rd period - Shot Hit the Post.
6:52 of 3rd period - Puck is out of play.
6:53 of 3rd period - Mark Jankowski wins face-off versus Zach Stepan in Condors zone.
7:02 of 3rd period - Wrist shot by Nicolas Aube-Kubel.
7:02 of 3rd period - Stopped by Carter Hart with a rebound.
7:12 of 3rd period - Wrist shot by Zach Stepan.
7:12 of 3rd period - Shot Misses the Net.
7:14 of 3rd period - Wrist shot by Nicolas Aube-Kubel.
7:14 of 3rd period - Stopped by Carter Hart with a rebound.
7:41 of 3rd period - Wrist shot by Mark Jankowski.
7:41 of 3rd period - Deflect By Daniel Zaar.
7:41 of 3rd period - Stopped by Magnus Hellberg without a rebound.
7:42 of 3rd period - Dylan Gambrell wins face-off versus Tyler Bozak in Bears zone.
7:53 of 3rd period - Wrist shot by Jake Virtanen.
7:53 of 3rd period - Shot Blocked by Kiefer Sherwood.
7:57 of 3rd period - Snap shot by Mike Hoffman.
7:57 of 3rd period - Deflect By Dylan Gambrell.
7:57 of 3rd period - Goal by Dylan Gambrell - Bears : 4 - Condors : 4.
7:58 of 3rd period - Dylan Gambrell wins face-off versus Tyler Bozak in neutral zone.
8:44 of 3rd period - Snap shot by Clayton Keller.
8:44 of 3rd period - Shot Hit the Post.
8:46 of 3rd period - Wrist shot by Connor Hurley.
8:46 of 3rd period - Shot Blocked by Nicolas Aube-Kubel.
8:48 of 3rd period - Snap shot by Connor Hurley.
8:48 of 3rd period - Stopped by Magnus Hellberg without a rebound.
8:49 of 3rd period - Connor Hurley wins face-off versus Dylan Gambrell in Bears zone.
8:59 of 3rd period - Off-side.
9:00 of 3rd period - Mark Jankowski wins face-off versus Dylan Gambrell in neutral zone.
9:46 of 3rd period - Slapshot by Adam Erne.
9:46 of 3rd period - Goal by Adam Erne - Bears : 4 - Condors : 5.
9:47 of 3rd period - Dylan Gambrell wins face-off versus Mark Jankowski in neutral zone.
10:14 of 3rd period - Jamie McGinn is hit by Carl Gunnarsson and loses puck.
10:47 of 3rd period - Minor Penalty to Phil McRae for Interference.
10:48 of 3rd period - Robby Fabbri wins face-off versus Dylan Gambrell in Condors zone.
11:22 of 3rd period - Snap shot by Zach Stepan.
11:22 of 3rd period - Shot Blocked by Scott Mayfield.
11:32 of 3rd period - Snap shot by Scott Mayfield.
11:32 of 3rd period - Stopped by Magnus Hellberg without a rebound.
11:33 of 3rd period - Connor Hurley wins face-off versus Dylan Gambrell in Bears zone.
11:46 of 3rd period - Carl Gunnarsson is hit by Mike Hoffman and loses puck.
11:59 of 3rd period - Slapshot by Nicolas Aube-Kubel.
11:59 of 3rd period - Shot Hit the Post.
12:01 of 3rd period - Wrist shot by Nicolas Aube-Kubel.
12:01 of 3rd period - Stopped by Carter Hart without a rebound.
12:02 of 3rd period - Robby Fabbri wins face-off versus Zach Stepan in Condors zone.
12:17 of 3rd period - Wrist shot by Jamie McGinn.
12:17 of 3rd period - Shot Misses the Net.
12:47 of 3rd period - Penalty to Phil McRae is over, Phil McRae is back on ice.
12:57 of 3rd period - Wrist shot by Brendan Perlini.
12:57 of 3rd period - Deflect By Christian Thomas.
12:57 of 3rd period - Stopped by Carter Hart with a rebound.
12:59 of 3rd period - Snap shot by Derek Forbort.
12:59 of 3rd period - Stopped by Carter Hart with a rebound.
13:01 of 3rd period - Snap shot by Brendan Perlini.
13:01 of 3rd period - Stopped by Carter Hart without a rebound.
13:02 of 3rd period - Daniel Zaar wins face-off versus Zach Stepan in Condors zone.
13:15 of 3rd period - Wrist shot by Nicolas Aube-Kubel.
13:15 of 3rd period - Stopped by Carter Hart without a rebound.
13:16 of 3rd period - Tyler Bozak wins face-off versus Dylan Gambrell in Condors zone.
14:09 of 3rd period - Wrist shot by Adam Erne.
14:09 of 3rd period - Shot Misses the Net.
14:11 of 3rd period - Snap shot by Adam Erne.
14:11 of 3rd period - Stopped by Magnus Hellberg without a rebound.
14:12 of 3rd period - Dylan Gambrell wins face-off versus Phil McRae in Bears zone.
14:21 of 3rd period - Slapshot by Jake Virtanen.
14:21 of 3rd period - Stopped by Carter Hart without a rebound.
14:22 of 3rd period - Mark Jankowski wins face-off versus Dylan Gambrell in Condors zone.
14:35 of 3rd period - Wrist shot by Robby Fabbri.
14:35 of 3rd period - Shot Misses the Net.
15:07 of 3rd period - Wrist shot by Jake Virtanen.
15:07 of 3rd period - Shot Blocked by Adam Erne.
15:09 of 3rd period - Snap shot by Jake Virtanen.
15:09 of 3rd period - Shot Misses the Net.
15:11 of 3rd period - Wrist shot by Mike Hoffman.
15:11 of 3rd period - Shot Blocked by Adam Erne.
15:13 of 3rd period - Snap shot by Jake Virtanen.
15:13 of 3rd period - Stopped by Carter Hart without a rebound.
15:14 of 3rd period - Mark Jankowski wins face-off versus Colby Cave in Condors zone.
15:18 of 3rd period - Off-side.
15:19 of 3rd period - Colby Cave wins face-off versus Mark Jankowski in neutral zone.
15:24 of 3rd period - Wrist shot by Austin Wuthrich.
15:24 of 3rd period - Stopped by Carter Hart with a rebound.
15:46 of 3rd period - Tyson Jost is hit by Vincent Dunn.
15:56 of 3rd period - Carl Gunnarsson is hit by Kerby Rychel and loses puck.
16:11 of 3rd period - Wrist shot by Anton Slepyshev.
16:11 of 3rd period - Shot Blocked by Zach Stepan.
16:13 of 3rd period - Slapshot by Zac Leslie.
16:13 of 3rd period - Stopped by Magnus Hellberg with a rebound.
16:15 of 3rd period - Snap shot by Kiefer Sherwood.
16:15 of 3rd period - Stopped by Magnus Hellberg without a rebound.
16:16 of 3rd period - Tyler Bozak wins face-off versus Colby Cave in Bears zone.
16:27 of 3rd period - Wrist shot by Tyler Bozak.
16:27 of 3rd period - Stopped by Magnus Hellberg with a rebound.
17:10 of 3rd period - Wrist shot by Anton Slepyshev.
17:10 of 3rd period - Shot Blocked by Jake Virtanen.
17:12 of 3rd period - Slapshot by Philippe Myers.
17:12 of 3rd period - Deflect By Anton Slepyshev.
17:12 of 3rd period - Shot Misses the Net.
17:12 of 3rd period - Puck is out of play.
17:13 of 3rd period - Phil McRae wins face-off versus Vincent Dunn in Bears zone.
17:18 of 3rd period - Wrist shot by Adam Erne.
17:18 of 3rd period - Stopped by Magnus Hellberg with a rebound.
18:40 of 3rd period - Slapshot by Scott Mayfield.
18:40 of 3rd period - Deflect By Phil McRae.
18:40 of 3rd period - Shot Misses the Net.
18:40 of 3rd period - Puck is out of play.
18:41 of 3rd period - Mark Jankowski wins face-off versus Vincent Dunn in Bears zone.
18:46 of 3rd period - Snap shot by Daniel Zaar.
18:46 of 3rd period - Stopped by Magnus Hellberg with a rebound.
18:56 of 3rd period - Wrist shot by Daniel Zaar.
18:56 of 3rd period - Shot Blocked by Tommy Vannelli.
19:13 of 3rd period - Bears, Magnus Hellberg is pulled from the net.
19:15 of 3rd period - Snap shot by Jake Virtanen.
19:15 of 3rd period - Stopped by Carter Hart with a rebound.
19:17 of 3rd period - Slapshot by Gianluca Curcuruto.
19:17 of 3rd period - Stopped by Carter Hart with a rebound.
19:19 of 3rd period - Slapshot by Tommy Vannelli.
19:19 of 3rd period - Shot Blocked by Daniel Zaar.
19:21 of 3rd period - Wrist shot by Jake Virtanen.
19:21 of 3rd period - Stopped by Carter Hart without a rebound.
19:22 of 3rd period - Gerard Gallant call a timeout for Bears.
19:22 of 3rd period - Dylan Gambrell wins face-off versus Tyler Bozak in Condors zone.
Goals for this period are 1 for Bears vs 2 for Condors.
Shots for this period are 18 for Bears vs 14 for Condors. Output by the SimonT Hockey Simulator (STHS) for Francois Prevost - Original Page W3C HTML5 Valid
Hockey Simulator - Hockey Simulation - Hockey Manager